 Dungeon Crawl Stone Soup version 0.25-a0-785-gb22c70e859 (webtiles) character file.

Game seed: 4885537203499215094, levelgen mode: deterministic

21 Maedhros the Charlatan (level 2, 0/18 HPs)
             Began as an Octopode Artificer on Apr 16, 2020.
             Slain by a goblin
             ... wielding a +0 club
             ... led by Robin
              (5 damage)
             ... on level 2 of the Dungeon.
             The game lasted 00:00:31 (886 turns).

Maedhros the Charlatan (Octopode Artificer)          Turns: 886, Time: 00:00:32

Health: 0/18       AC:  1    Str: 11    XL:     2   Next: 87%
Magic:  4/4        EV: 13    Int: 13    God:
Gold:   19         SH:  0    Dex: 12    Spells: 1/1 levels left

rFire    . . .     SeeInvis .   a - +0 short sword
rCold    . . .     Gourm    .   (no shield)
rNeg     . . .     Faith    .   (helmet restricted)
rPois    .         Spirit   .   (no amulet)
rElec    .         Reflect  .   (no ring)
rCorr    .         Harm     .   (no ring)
MR       .....                  (no ring)
Stlth    +++.......             (no ring)
HPRegen  0.06/turn              (no ring)
MPRegen  0.09/turn              (no ring)
                                (no ring)
                                (no ring)

@: stab
A: almost no armour, stealthy swim, amphibious, 8 rings, constrict 8, camouflage
1, gelatinous body 1
a: no special abilities


You were on level 2 of the Dungeon.
You were not hungry.

You visited 1 branch of the dungeon, and saw 2 of its levels.

You collected 19 gold pieces.

Inventory:

Hand Weapons
 a - a +0 short sword (weapon)
Jewellery
 g - a +5 ring of intelligence {unknown}
Wands
 b - a wand of flame (15)
 c - a wand of enslavement (15)
 d - a wand of random effects (15)
Scrolls
 h - a scroll of enchant armour {unknown}
 j - a scroll of identify {unknown}
 n - a scroll of blinking {unknown}
Potions
 i - a potion of might {unknown}
 k - a potion of berserk rage {unknown}
 l - a potion of curing {unknown}
 m - a potion of heal wounds {unknown}
Comestibles
 f - 3 rations


   Skills:
 + Level 1.4 Fighting
 - Level 1.0 Short Blades
 + Level 2.2 Dodging
 + Level 2.1 Stealth
 * Level 1.3 Unarmed Combat
 - Level 3.2 Evocations


You had one spell level left.
You didn't know any spells.
Your spell library was empty.

Dungeon Overview and Level Annotations

Branches:
Dungeon (2/15)

Altars:

Annotations:
D:2 Robin


Innate Abilities, Weirdness & Mutations

You cannot wear most types of armour.
You are very stealthy in the water. (Stealth+)
You are amphibious.
You can wear up to eight rings at the same time.
You can use your tentacles to constrict eight enemies at once.
Your skin changes colour to match your surroundings (Stealth+).
Your rubbery body absorbs attacks. (AC +1, EV +1)


Message History

There are monsters nearby!
Robin throws the goblin at you!
There is an escape hatch in the ceiling here.
The goblin barely misses you. The goblin hits you.
Robin throws the goblin at you!
You barely miss the goblin. Your grab misses the goblin.
The goblin hits you with a +0 dagger. The hobgoblin barely misses you.
The goblin closely misses you.
Robin roars a battlecry!
The goblins go into a battle-frenzy!
The hobgoblin hits you!
* * * LOW HITPOINT WARNING * * *
Okay, then.
Sorry, you're not good enough to have a special ability.
Unknown command.
It was a potion of stabbing.
You feel ready to backstab. The goblin closely misses you.
The hobgoblin completely misses you. The goblin hits you with a +0 club.
You die...

... ... ... ..# ## # ..#
...# .. #. #.###...# ####.
###.####....... ######....
.............. .........
#....gg.g#...####.##...<
#....gg@# #..........##
#....ggg#####.........#
###g...ggg..............#
......†.................##
..........................
.......##.................
....... #.................
####### #.................
####.##...........


You could see Robin, 3 hobgoblins and 8 goblins.

Vanquished Creatures
  2 goblins (D:1)
  4 hobgoblins
  3 jackals (D:1)
  3 bats (D:1)
  3 kobolds (D:1)
  4 rats (D:1)
19 creatures vanquished.

Notes
Turn   | Place    | Note
-------+----------+-------------------------------------------
     0 | D:1      | Maedhros the Octopode Artificer began the quest for the
                  | Orb.
     0 | D:1      | Reached XP level 1. HP: 13/13 MP: 3/3
   316 | D:1      | Reached XP level 2. HP: 14/18 MP: 4/4
   435 | D:1      | Reached skill level 1 in Unarmed Combat
   880 | D:2      | Noticed Robin
   886 | D:2      | Slain by a goblin

Levels and vault maps discovered:
D:1:      dpeg_arrival_subterranean_lakeside_camping, layout_basic
D:2:      minmay_spotlight, layout_basic, minmay_lizard_pond, uniq_robin

Skill      XL: |  1  2 |
---------------+-------+-----
Unarmed Combat | 1 |  1.3
Stealth        | 2 |  2.1
Fighting       | |  1.4
Short Blades   | |  1.0
Dodging        | |  2.2
Evocations     | |  3.2

Action                   || total
-------------------------++-------
Melee: Short sword       ||    37
       Constrict         ||     8
       Tentacles         ||     5
  Use: Potion            ||     1
 Stab: Sleeping          ||     4
Armor: Skin              ||     1
Dodge: Dodged            ||    26

Table legend:
 A = Non-vault XP
 B = Vault XP
 C = Vault XP percentage of total XP
 D = Non-vault monster count
 E = Vault monster count
 F = Vault count percentage of total count
                 A         B        C        D         E       F
            +---------+---------+-------+---------+---------+-------
      Total |      20 |      11 |  35.5 |      12 |       7 |  36.8
            +---------+---------+-------+---------+---------+-------
        D:1 |      20 |       9 |  31.0 |      12 |       6 |  33.3
        D:2 |       0 |       2 | 100.0 |       0 |       1 | 100.0
            +---------+---------+-------+---------+---------+-------
